 Dungeon Crawl Stone Soup version 0.20.1-1-g8b1a95d (webtiles) character file.

228 equalderp2856 the Skirmisher (level 5, 0/41 HPs)
             Began as a Mummy Fighter on Oct 25, 2017.
             Slain by a hound (4 damage)
             ... on level 4 of the Dungeon.
             The game lasted 00:03:51 (3501 turns).

equalderp2856 the Skirmisher (Mummy Fighter)        Turns: 3501, Time: 00:03:52

Health: 0/41       AC:  7    Str: 19    XL:     5   Next: 70%
Magic:  5/5        EV:  7    Int:  8    God:
Gold:   186        SH:  9    Dex: 12    Spells: 4/4 levels left

rFire    x . .     SeeInvis .   a - +0 war axe
rCold    + . .     Gourm    .   c - +0 shield
rNeg     + + +     Faith    .   b - +0 scale mail
rPois    ∞         Spirit   .   j - +0 helmet
rElec    .         Reflect  .   (no cloak)
rCorr    .         Harm     .   (no gloves)
MR       .....                  (no boots)
Stlth    ..........             k - amulet of magic regeneration
Regen    0.2/turn               (no ring)
MPRegen  0.2/turn               (no ring)

@: no status effects
A: no food or potions, fire vulnerability, cold resistance 1, negative energy
resistance 3, torment resistance, unbreathing
a: no special abilities


You were on level 4 of the Dungeon.
You were not hungry.

You visited 1 branch of the dungeon, and saw 5 of its levels.

You collected 186 gold pieces.

Inventory:

Hand Weapons
 a - a +0 war axe (weapon)
Armour
 b - a +0 scale mail (worn)
 c - a +0 shield (worn)
 j - a +0 helmet (worn)
Jewellery
 k - an amulet of magic regeneration (around neck)
 n - an uncursed ring of see invisible {unknown}
Scrolls
 d - a scroll of fear {unknown}
 e - a scroll of enchant armour {unknown}
 f - 2 scrolls of identify {unknown}
 g - 2 scrolls of magic mapping {unknown}
 h - 4 scrolls of remove curse {unknown}
 i - a scroll of fog {unknown}
 l - 2 scrolls of recharging {unknown}
 o - a scroll of teleportation {unknown}
Books
 m - a book of Misfortune

   Spells                             Type                      Level
   a - Confusing Touch                Hexes                        1
   b - Confuse                        Hexes                        3
   c - Gell's Gravitas                Translocation                3
   d - Petrify                        Transmutation/Earth          4
   e - Metabolic Englaciation         Hexes/Ice                    5
   f - Yara's Violent Unravelling     Hexes/Transmutation          5


   Skills:
 + Level 3.6 Fighting
 + Level 3.4 Axes
 + Level 3.1 Armour
 + Level 1.2 Dodging
 + Level 0.1 Stealth
 + Level 3.0 Shields


You had 4 spell levels left.
You didn't know any spells.

Dungeon Overview and Level Annotations

Branches:
Dungeon (5/15)
 Temple: D:4-7

Altars:
Ashenzari
Okawaru
Qazlal
Trog
The Shining One

Annotations:
D:4 Dowan, Duvessa


Innate Abilities, Weirdness & Mutations

You do not eat or drink.
Your flesh is vulnerable to fire.
You are immune to poison.
Your flesh is cold resistant. (rC+)
You are immune to negative energy. (rN+++)
You are immune to unholy pain and torment.
You can survive without breathing.


Message History

The hound is severely wounded.
The hound bites you but does no damage.
The sky beast flickers out of sight!
Deactivating autopickup; reactivate with Ctrl-A.
The hound bites you but does no damage.
You barely miss the hound.
The hound is severely wounded.
You block the hound's attack. The hound bites you.
* * * LOW HITPOINT WARNING * * *
You closely miss the hound.
The hound is severely wounded.
The hound bites you.
* * * LOW HITPOINT WARNING * * *
The hound bites you.
* * * LOW HITPOINT WARNING * * *
A sky beast appears from thin air!
Reactivating autopickup.
You hit the hound.
The hound is severely wounded.
The hound bites you.
You die...

###### #....# #....#
##################....##
.......@hY....>..+......
#.############.###....##
#.####.###....#
#.............#
#.####.######.#
#.#.......)...#
#.#.##.########
#.#.##.#######
#.#.##........


You could see a sky beast and a hound.

Vanquished Creatures
  A bullfrog (D:4)
  7 adders
  An ooze (D:1)
  2 worms
  6 leopard geckos
  6 orcs
  5 bats
  A giant cockroach (D:3)
  12 goblins
  7 hobgoblins
  5 jackals
  3 ball pythons
  6 frilled lizards
  9 kobolds
  11 rats
82 creatures vanquished.

Notes
Turn   | Place    | Note
-------+----------+-------------------------------------------
     0 | D:1      | equalderp2856 the Mummy Fighter began the quest for the Orb.
     0 | D:1      | Reached XP level 1. HP: 18/18 MP: 1/1
   105 | D:1      | Reached XP level 2. HP: 18/24 MP: 2/2
   850 | D:2      | Reached XP level 3. HP: 29/29 MP: 3/3
  1029 | D:2      | Found an iron altar of Okawaru.
  1134 | D:2      | Found a bloodstained altar of Trog.
  1526 | D:3      | Reached XP level 4. HP: 35/35 MP: 4/4
  1635 | D:3      | Found a stormy altar of Qazlal.
  1636 | D:3      | Found a glowing golden altar of the Shining One.
  2162 | D:3      | Found a shattered altar of Ashenzari.
  2388 | D:3      | Reached XP level 5. HP: 24/41 MP: 5/5
  2701 | D:4      | Noticed Duvessa
  2701 | D:4      | Noticed Dowan
  2714 | D:4      | Reached skill level 1 in Dodging
  3451 | D:4      | Noticed a sky beast
  3481 | D:5      | Entered Level 5 of the Dungeon
  3501 | D:4      | Slain by a hound

Skill      XL: |  1  2  3  4  5 |
---------------+----------------+-----
Axes           | 2 3 |  3.4
Armour         | 3 |  3.1
Dodging        | 1 |  1.2
Shields        | 3 |  3.0
Fighting       | |  3.6
Stealth        | |  0.1

Action                   |  1- 3 |  4- 6 || total
-------------------------+-------+-------++-------
Melee: War axe           |   148 |   159 ||   307
Armor: Scale mail        |    58 |    67 ||   125
Dodge: Dodged            |    58 |    58 ||   116
Block: Shield            |    83 |    93 ||   176
